 Dungeon Crawl Stone Soup version 0.31-a0-408-gb642c7f9a3 (webtiles) character file.

Game seed: 1023666526972649076

32 HallandMoats the Trooper (level 3, -4/29 HPs)
             Began as a Demonspawn Fighter on July 29, 2023.
             Killed by nerve-wracking pain
             ... invoked by an orc priest
              (7 damage)
             ... on level 3 of the Dungeon.
             The game lasted 00:02:07 (1597 turns).

HallandMoats the Trooper (Demonspawn Fighter)       Turns: 1597, Time: 00:02:07

Health: -4/29      AC:  7    Str: 16    XL:     3   Next: 8%
Magic:  0/4        EV:  8    Int: 11    God:
Gold:   133        SH:  4    Dex: 12    Spells: 2/2 levels left

rFire   . . .        a - +0 war axe
rCold   . . .        c - +0 buckler
rNeg    . . .        b - +0 scale mail
rPois   .            p - +0 helmet
rElec   .            (no cloak)
rCorr   .            (no gloves)
SInv    .            (no boots)
Will    .....        (no amulet) Stlth
                     (no ring)
HPRegen 0.24/turn    (no ring)
MPRegen 0.18/turn

%: guardian spirit
@: mighty
A: magic shield, magic regeneration
a: no special abilities


You were on level 3 of the Dungeon.
You visited 1 branch of the dungeon, and saw 3 of its levels.

You collected 133 gold pieces.

Inventory:

Hand Weapons
 a - a +0 war axe (weapon)
Armour
 b - a +0 scale mail (worn)
 c - a +0 buckler (worn)
 p - a +0 helmet (worn)
Jewellery
 l - a ring of fire
 o - an amulet of magic regeneration
Wands
 q - a wand of paralysis (6)
 r - a wand of roots (7)
Scrolls
 e - 3 scrolls of teleportation {unknown}
 f - a scroll of fog {unknown}
 g - a scroll of brand weapon {unknown}
 h - 4 scrolls of identify {unknown}
 i - a scroll of revelation {unknown}
 j - a scroll of noise {unknown}
Potions
 k - a potion of curing {unknown}
 m - a potion of brilliance {unknown}
 n - a potion of degeneration {unknown}


   Skills:
 + Level 3.3 Fighting
 + Level 2.2 Axes
 - Level 2.6 Armour
 - Level 2.6 Shields
 + Level 2.5 Invocations


You had 2 spell levels left.
You didn't know any spells.
Your spell library contained the following spells:

 Spells                   Type           Power      Damage    Failure   Level
 Cigotuvi's Dreadful Rot  Necr/Pois/Air  0%         N/A       94%         2
 Ignite Poison            Fire/Tmut/Pois 0%         N/A       99%         3
 Inner Flame              Hex/Fire       0%         N/A       99%         3
 Freezing Cloud           Conj/Ice/Air   0%         6-21      100%        5
 Yara's Violent Unravell  Hex/Tmut       0%         3d3       100%        5
 Enfeeble                 Hex            0%         N/A       100%        7


Dungeon Overview and Level Annotations

Branches:
Dungeon (3/15)

Altars:

Shops:
D:2 =(


Innate Abilities, Weirdness & Mutations

When hurt, damage is shared between your health and your magic reserves.
You regenerate magic rapidly.


Message History

The jackal barks!
You hear a bark!
The bat hits you but does no damage.
The orc wizard points at you and mumbles some strange words.
You are confused.
You bump into the rock wall.
The bat closely misses you.
A jackal comes into view.
The orc priest hits you with a +0 flail.
You're too confused to move!
The bat hits you but does no damage.
The jackal bites you but does no damage.
The orc wizard casts a spell at you. You resist with significant effort.
The jackal barely misses you.
You're too confused to move!
You feel less confused. The bat barely misses you.
You block the jackal's attack.
The orc priest hits you with a +0 flail.
* * * LOW HITPOINT WARNING * * *
The orc wizard attacks as you move away!
The orc wizard hits you but does no damage.
You block the jackal's attack. x2
The orc wizard casts a spell at you. The puff of flame hits you.
* * * LOW HITPOINT WARNING * * *
A jackal comes into view.
You block the jackal's attack.
You feel very mighty all of a sudden. The jackal closely misses you.
The orc priest mumbles some strange prayers to Beogh against you.
Pain shoots through your body!
* * * LOW HITPOINT WARNING * * *
The jackal misses you. The jackal closely misses you.
You barely miss the orc priest. You closely miss the jackal.
You hit the orc wizard. You closely miss the orc priest.
You closely miss the jackal. You block the jackal's attack.
The jackal barely misses you.
The orc wizard hits you but does no damage.
The orc priest hits you but does no damage.
The orc priest mumbles some strange prayers to Beogh against you.
Pain shoots through your body!
You die...

#######.##.# #.#.#.#
...........# # #.#.# #
...####.#### .#
.####..######.## .#.#
................# ....
................# P...#
............######
P....
.........o..#..#_#PP...
..<.....@ob.#..#.#.P...
.......ohh...P...P#
..............⌠...#
.........P..⌠⌠⌠PP#
..........).....(#
....h.........P.PP#
.........P.PP.P~..#
...................#
................#


You could see 2 orc priests, an orc wizard, 3 jackals and a bat.

Vanquished Creatures
  An adder (D:2)
  A dart slug (D:3)
  2 endoplasms
  A giant cockroach (D:1)
  4 goblins
  A quokka (D:3)
  2 ball pythons (D:1)
  4 bats (D:1)
  A frilled lizard (D:1)
  4 rats
21 creatures vanquished.

Notes
Turn   | Place    | Note
-------+----------+-------------------------------------------
     0 | D:1      | HallandMoats the Demonspawn Fighter began the quest for the
                  | Orb.
     0 | D:1      | Reached XP level 1. HP: 18/18 MP: 1/1
    78 | D:1      | Reached skill level 1 in Invocations
   196 | D:1      | Gained mutation: You regenerate magic rapidly. [demonic
                  | ancestry]
   196 | D:1      | Reached XP level 2. HP: 24/24 MP: 3/3
   994 | D:2      | Found Hocratol's Jewellery Emporium.
  1401 | D:2      | Found Metakhaf's Weapon Shoppe.
  1546 | D:3      | Gained mutation: When hurt, damage is shared between your
                  | health and your magic reserves. [demonic ancestry]
  1546 | D:3      | Reached XP level 3. HP: 29/29 MP: 4/4
  1574 | D:3      | Found a faded altar of an unknown god.
  1597 | D:3      | Killed from afar by an orc priest

Illustrated notes

Levels and vault maps discovered:
D:1:      onia_arrival_pentagram, layout_basic
D:2:      layout_loops_ring, serial_shops, nicolae_shop_pleasant_corner_grove,
          nicolae_shop_pleasant_corner_grove
D:3:      layout_basic, serial_shops, nicolae_shop_hallway_plus,
          nicolae_book_shop_shelving, nicolae_shop_pleasant_corner_grove,
          shapermc_ecumenical_altar_mp_ritualfount

Skill      XL: |  1  2 |
---------------+-------+-----
Invocations    | 1 2 |  2.5
Axes           | 2 |  2.2
Fighting       | |  3.3
Armour         | |  2.6
Shields        | |  2.6

Action                     || total
---------------------------++-------
  Melee: War axe           ||    64
    Use: Potion            ||     1
 Armour: Scale mail        ||    45
  Dodge: Dodged            ||    37
  Block: Buckler           ||    27

Table legend: (Time is in decaauts)
 A = Elapsed time spent in this place.
 B = Non-inter-level travel time spent in this place.
 C = Inter-level travel time spent in this place.
 D = Time resting spent in this place.
 E = Time spent auto-exploring this place.
 F = Levels seen in this place.
 G = Mean time per level.
                   A        B        C        D        E       F      G
               +--------+--------+--------+--------+--------+-----+--------+
         Total |   1624 |   1528 |     96 |      0 |   1267 |   3 |  541.3 |
       Dungeon |   1624 |   1528 |     96 |      0 |   1267 |   3 |  541.3 |
               +--------+--------+--------+--------+--------+-----+--------+

Top non-repeatable levels by time:
     D:1: 899 daAuts
     D:2: 636 daAuts
     D:3: 88 daAuts
